 Dungeon Crawl Stone Soup version 0.27-a0-1287-gca74d27db6 (webtiles) character file.

Game seed: 17219167399505627748

1029 Azzok the Cleaver (level 8, 41/60 HPs)
             Began as a Demonspawn Berserker on June 15, 2021.
             Was an Elder of Trog.
             Quit the game on level 4 of the Dungeon.
             The game lasted 00:04:08 (4847 turns).

Azzok the Cleaver (Demonspawn Berserker)            Turns: 4847, Time: 00:04:09

Health: 41/60      AC: 13    Str: 25    XL:     8   Next: 3%
Magic:  8/8        EV:  7    Int: 10    God:    Trog [****..]
Gold:   174        SH:  4    Dex: 12    Spells: 7/7 levels left

rFire    . . .     SeeInvis .   h - +2 flail (venom)
rCold    . . .     Faith    .   (no shield)
rNeg     . . .     Spirit   .   s - +0 plate armour
rPois    .         Reflect  .   g - +0 helmet
rElec    .         Harm     .   (no cloak)
rCorr    .         Rampage  .   (no gloves)
Will     .....                  (no boots)
Stlth    ..........             (no amulet)
HPRegen  0.20/turn              n - +6 ring of strength
MPRegen  0.11/turn              (no ring)

@: no status effects
A: rugged brown scales 2, spiny 1, condensation shield
a: Renounce Religion, Berserk, Trog's Hand, Brothers in Arms


You were on level 4 of the Dungeon.
You worshipped Trog.
Trog was greatly pleased with you.
You visited 1 branch of the dungeon, and saw 4 of its levels.

You collected 174 gold pieces.

Inventory:

Hand Weapons
 a - a +0 hand axe
 h - a +2 flail of venom (weapon)
 r - a +4 trident of freezing
Missiles
 i - 3 throwing nets
Armour
 g - a +0 helmet (worn)
 s - a +0 plate armour (worn)
Jewellery
 n - a +6 ring of strength (left hand)
 p - a ring of fire
Wands
 o - a wand of flame (33)
Scrolls
 b - 3 scrolls of teleportation {unknown}
 e - a scroll of silence {unknown}
 f - a scroll of amnesia {unknown}
 m - 2 scrolls of fog {unknown}
 q - a scroll of noise {unknown}
Potions
 d - 2 potions of mutation {unknown}
 j - 2 potions of magic {unknown}
 k - a potion of haste
 l - a potion of brilliance {unknown}


   Skills:
 - Level 3.0 Fighting
 + Level 9.0 Axes
 - Level 1.7 Armour
 - Level 1.7 Dodging


You had 7 spell levels left.
You didn't know any spells.
Your spell library was empty.

Dungeon Overview and Level Annotations

Branches:
Dungeon (4/15)
 Temple: D:4-7

Altars:
Cheibriados
Qazlal


Innate Abilities, Weirdness & Mutations

You are mostly covered in rugged brown scales. (AC +2, +5% HP)
You are partially covered in sharp spines.
A meltable shield of frost defends you. (SH +4)


Message History

Trog accepts your kill.
You see here a ball python corpse.
You now have 174 gold pieces (gained 16).
A black bear comes into view.
A black bear is nearby!
You hit the black bear.
The black bear is poisoned.
The black bear is lightly wounded.
The black bear bites you.
The black bear claws you but does no damage. x2
You hit the black bear but do no damage.
The black bear is lightly wounded.
The black bear bites you but does no damage.
The black bear barely misses you.
The black bear claws you but does no damage.
You sock the black bear!
The black bear looks as sick as possible!
The black bear is severely wounded.
The black bear bites you but does no damage.
The black bear claws you but does no damage.
You block the black bear's attack.
You hit the black bear.
The black bear looks as sick as possible!
The black bear is severely wounded.
The black bear bites you. The black bear closely misses you.
The black bear claws you.
You hit the black bear but do no damage.
The black bear looks as sick as possible!
The black bear is almost dead.
The black bear bites you.
The black bear claws you but does no damage.
The black bear barely misses you. The black bear bites you.
The black bear claws you but does no damage. x2
You sock the black bear!
You kill the black bear!
Trog accepts your kill.
Your Axes skill increases to level 9!
You have reached level 8!
You feel clever.
Your demonic ancestry asserts itself...
Sharp spines emerge from parts of your body.
Are you sure you want to abandon this character and quit the game? (Confirm with "yes".)

▒·▒ ▒▒···▒
▒·▒ ▒▒···▒▒
▒·▒ ▒▒···▒▒▒
▒·▒ ▒···▒▒·▒
▒·▒ ▒··▒▒··▒
▒·▒▒▒··▒···▒
▒······▒▒··▒
▒▒▒▒▒···▒▒†▒
▒▒····@▒
▒▒····▒
▒▒▒▒▒▒


There were no monsters in sight!

Vanquished Creatures
  A hornet (D:4)
  Sigmund (D:2)
  A black bear (D:4)
  A kobold brigand (D:3)
  A scorpion (D:4)
  4 wights (D:4)
  A hound (D:3)
  A jelly (D:4)
  An iguana (D:4)
  Robin (D:2)
  7 gnolls
  3 adders
  An adder skeleton (D:4)
  2 worms
  A dart slug (D:4)
  3 orcs
  7 ball pythons
  9 endoplasms
  18 goblins
  6 hobgoblins
  5 jackals
  5 kobolds
  4 quokkas
  8 bats
  4 frilled lizards
  4 rats
100 creatures vanquished.

Notes
Turn   | Place    | Note
-------+----------+-------------------------------------------
     0 | D:1      | Azzok the Demonspawn Berserker began the quest for the Orb.
     0 | D:1      | Reached XP level 1. HP: 18/18 MP: 1/1
   180 | D:1      | Reached skill level 3 in Axes
   203 | D:1      | Gained mutation: You are partially covered in rugged brown
                  | scales. (AC +1, +3% HP) [demonic ancestry]
   203 | D:1      | Reached XP level 2. HP: 18/24 MP: 2/2
   349 | D:1      | Reached ** piety under Trog
   777 | D:1      | Reached XP level 3. HP: 29/29 MP: 3/3
  1089 | D:2      | Noticed Sigmund
  1229 | D:2      | Killed Sigmund
  1230 | D:2      | Reached skill level 5 in Axes
  1230 | D:2      | Gained mutation: You are mostly covered in rugged brown
                  | scales. (AC +2, +5% HP) [demonic ancestry]
  1230 | D:2      | Reached XP level 4. HP: 24/36 MP: 4/4
  1230 | D:2      | Reached XP level 5. HP: 28/43 MP: 5/5
  1504 | D:2      | You fall into a shaft and drop 1 floor!
  1748 | D:2      | Reached skill level 6 in Axes
  2223 | D:2      | Reached *** piety under Trog
  2400 | D:2      | Noticed Robin
  2407 | D:2      | Killed Robin
  2408 | D:2      | Reached XP level 6. HP: 48/49 MP: 6/6
  3069 | D:3      | Found a faded altar of an unknown god.
  3194 | D:3      | Found a snail-covered altar of Cheibriados.
  3511 | D:4      | Reached skill level 7 in Axes
  3611 | D:4      | Noticed a hornet
  3620 | D:4      | Killed a hornet
  3621 | D:4      | Gained mutation: A meltable shield of frost defends you.
                  | (SH +4) [demonic ancestry]
  3621 | D:4      | Reached XP level 7. HP: 35/54 MP: 7/7
  3759 | D:4      | Reached skill level 8 in Axes
  4064 | D:4      | Found a stormy altar of Qazlal.
  4195 | D:4      | Reached **** piety under Trog
  4847 | D:4      | Reached skill level 9 in Axes
  4847 | D:4      | Gained mutation: You are partially covered in sharp spines.
                  | [demonic ancestry]
  4847 | D:4      | Reached XP level 8. HP: 41/60 MP: 8/8
  4847 | D:4      | Quit the game

Illustrated notes

Levels and vault maps discovered:
D:1:      ebering_hopf_link, layout_loops_ring
D:2:      layout_basic, uniq_sigmund, uniq_robin
D:3:      cheibrodos_helix_gallery, layout_loops_ring, cheibrodos_worm_habitat,
          hellmonk_ecumenical_altar_dog_temple
D:4:      black_bear_nest_2, layout_loops_cross, grunt_qazlal_clouds

Skill      XL: |  1  2  3  4  5  6  7 |
---------------+----------------------+-----
Axes           | 3 5 6 7 9 |  9.0
Fighting       | |  3.0
Armour         | |  1.7
Dodging        | |  1.7

Action                   |  1- 3 |  4- 6 |  7- 9 || total
-------------------------+-------+-------+-------++-------
Melee: Hand axe          |    99 |    40 |       ||   139
       Flail             |       |   110 |    56 ||   166
Invok: Berserk           |     1 |     3 |     1 ||     5
Armor: Chain mail        |    57 |    82 |    18 ||   157
       Plate armour      |       |       |    11 ||    11
Dodge: Dodged            |    37 |    49 |    18 ||   104
Block: Other             |       |       |    12 ||    12

Table legend: (Time is in decaauts)
 A = Elapsed time spent in this place.
 B = Non-inter-level travel time spent in this place.
 C = Inter-level travel time spent in this place.
 D = Time resting spent in this place.
 E = Time spent auto-exploring this place.
 F = Levels seen in this place.
 G = Mean time per level.
                   A        B        C        D        E       F      G
               +--------+--------+--------+--------+--------+-----+--------+
         Total |   4951 |   4900 |     51 |    641 |   3442 |   4 | 1237.8 |
       Dungeon |   4951 |   4900 |     51 |    641 |   3442 |   4 | 1237.8 |
               +--------+--------+--------+--------+--------+-----+--------+

Top non-repeatable levels by time:
     D:2: 1394 daAuts
     D:4: 1390 daAuts
     D:1: 1193 daAuts
     D:3: 972 daAuts
